 Dungeon Sprint DCSS version 0.28.0-53-g5a82cb258f (webtiles) character file.

Game seed: 4498098217896425621

266 Zeld the Cleaver (level 6, -3/62 HPs)
             Began as a Minotaur Berserker on June 12, 2022.
             Was a Believer of Trog.
             Splashed by a jelly's acid (4 damage)
             ... in the Dungeon (Sprint I: "Red Sonja").
             The game lasted 00:00:27 (867 turns).

Zeld the Cleaver (Minotaur Berserker)                Turns: 867, Time: 00:00:27

Health: -3/62      AC: -13   Str: 24    XL:     6   Next: 0%
Magic:  5/5        EV: 13    Int:  4    God:    Trog [**....]
Gold:   162        SH:  0    Dex:  9    Spells: 5/5 levels left

rFire   . . .      SeeInvis .   a - +0 hand axe
rCold   . . .      Faith    .   (no shield)
rNeg    . . .      Spirit   .   b - +0 animal skin
rPois   .          Reflect  .   (helmet restricted)
rElec   .          Harm     .   (no cloak)
rCorr   .          Rampage  .   (no gloves)
Will    .....      NoTele   +   (no boots)
Stlth   +.........              (no amulet)
HPRegen 0.20/turn               (no ring)
MPRegen 0.09/turn               (no ring)

@: corroded
A: horns 2, retaliatory headbutt
a: Renounce Religion, Berserk, Trog's Hand


You were in the Dungeon.
You worshipped Trog.
Trog was pleased with you.
You visited 1 branch You collected 162 gold pieces.

Inventory:

Hand Weapons
 a - a +0 hand axe (weapon)
Armour
 b - a +0 animal skin (worn)
Wands
 i - a wand of iceblast (2)
Scrolls
 h - a scroll of blinking
Potions
 c - 2 potions of curing
 d - a potion of heal wounds
 e - a potion of haste
 f - 2 potions of magic
 g - a potion of berserk rage


   Skills:
 * Level 8.8 Fighting
 * Level 8.9 Axes
 + Level 6.1 Armour
 + Level 5.7 Dodging
 + Level 3.6 Evocations


You had 5 spell levels left.
You didn't know any spells.
Your spell library was empty.

Dungeon Overview and Level Annotations

Branches:
Dungeon (1/1)

Altars:
Sif Muna
Vehumet
Wu Jian


Innate Abilities, Weirdness & Mutations

You have a pair of horns on your head.
You reflexively headbutt those who attack you in melee.


Message History

You see here a +0 dagger.
The jelly misses you. The jelly hits you.
You are splashed with acid!
There is a shimmering blue altar of Sif Muna, spattered with blood here.
The jelly misses you. The jelly hits you. The acid corrodes you!
You are splashed with acid!
You see here a +0 dagger.
You see here a scroll labelled DIEGICS JODAUNT.
You hit the jelly but do no damage.
Your hands burn!
The jelly hits you.
You are splashed with acid!
You hit the jelly.
Your hands burn!
Your headbutt misses the jelly.
The jelly is lightly wounded.
The jelly closely misses you. You furiously retaliate!
You headbutt the jelly, but do no damage.
You are too injured to fight recklessly!
You slash the jelly! The acid corrodes you!
Your hands burn!
The jelly is heavily wounded.
The jelly barely misses you. You furiously retaliate!
You headbutt the jelly, but do no damage.
You hit the jelly. The acid corrodes you!
Your hands burn!
* * * LOW HITPOINT WARNING * * *
You headbutt the jelly.
The jelly is severely wounded.
The jelly closely misses you. You furiously retaliate!
You headbutt the jelly.
Unknown command.
You hit the jelly but do no damage.
Your hands burn!
* * * LOW HITPOINT WARNING * * *
The jelly is almost dead.
Unknown command.
You hit the jelly but do no damage.
Your hands burn!
* * * LOW HITPOINT WARNING * * *
The jelly is almost dead.
The jelly hits you.
* * * LOW HITPOINT WARNING * * *
You are splashed with acid!
* * * LOW HITPOINT WARNING * * *
Unknown command.
Unknown command.
You hit the jelly but do no damage. The acid corrodes you!
Your hands burn!
You die...

################
#<.#..)..#..'..#
#..').#..').#..+
#..#####'#####'#
#..# #..# #@#
#..# #### ##J#
#..# #+#_.+ #⌠⌠#
+..._# ####
#_.#+# ##+


You could see a jelly.

Vanquished Creatures
  Sigmund (D)
  An ogre (D)
  Ijyb (D)
3 creatures vanquished.

Notes
Turn   | Place    | Note
-------+----------+-------------------------------------------
     0 | D        | Zeld the Minotaur Berserker began the quest for the Orb.
     0 | D        | Reached XP level 1. HP: 19/19 MP: 0/0
     1 | D        | Noticed Ijyb
    10 | D        | Killed Ijyb
    11 | D        | Reached skill level 5 in Fighting
    11 | D        | Reached skill level 5 in Axes
    11 | D        | Reached XP level 2. HP: 14/29 MP: 1/1
   508 | D        | Noticed an ogre
   512 | D        | Killed an ogre
   513 | D        | Reached XP level 3. HP: 39/39 MP: 2/2
   513 | D        | Reached XP level 4. HP: 47/47 MP: 3/3
   607 | D        | Noticed Sigmund
   621 | D        | Killed Sigmund
   621 | D        | Reached ** piety under Trog
   622 | D        | Reached skill level 5 in Dodging
   622 | D        | Reached XP level 5. HP: 13/56 MP: 4/4
   622 | D        | Reached XP level 6. HP: 15/62 MP: 5/5
   852 | D        | Found an ornate altar of the Wu Jian Council.
   852 | D        | Found a shimmering blue altar of Sif Muna.
   854 | D        | Found a radiant altar of Vehumet.
   866 | D        | HP: 1/62 [acid (8)]
   867 | D        | Splashed by a jelly's acid

Illustrated notes

Levels and vault maps discovered:
D:        dungeon_sprint_1 [red_sonja_temple_1, red_sonja_temple_small_1]

Skill      XL: |  1  2  3  4 |
---------------+-------------+-----
Fighting       | 5 7 8 |  8.8
Axes           | 5 7 8 |  8.9
Armour         | 3 4 6 |  6.1
Dodging        | 3 4 5 |  5.7
Evocations     | 2 3 |  3.6

Action                   |  1- 3 |  4- 6 || total
-------------------------+-------+-------++-------
Melee: Hand axe          |    10 |    13 ||    23
       Headbutt          |     1 |     2 ||     3
Invok: Berserk           |     2 |     1 ||     3
Dodge: Dodged            |     2 |     7 ||     9
